 Dungeon Crawl Stone Soup version 0.29.1-1-gd02db6906a (webtiles) character file.

Game seed: 2695156475421000509

62 funnyparkerb the Magician (level 4, 0/33 HPs)
             Began as a Djinni Fire Elementalist on Oct 14, 2022.
             Slain by an orc wizard
             ... wielding a +2 dagger of protection
              (2 damage)
             ... on level 3 of the Dungeon.
             The game lasted 00:02:36 (2449 turns).

funnyparkerb the Magician (DjFE)                    Turns: 2449, Time: 00:02:37

Health: 0/33       AC:  2    Str:  7    XL:     4   Next: 28%
Gold:   111        EV: 12    Int: 19    God:
                   SH:  0    Dex: 13

rFire   + + .      SeeInvis .   n - +2 dagger (venom)
rCold   x . .      Faith    .   (no shield)
rNeg    . . .      Spirit   .   a - +0 robe
rPois   ∞          Reflect  .   (no helmet)
rElec   .          Harm     .   (no cloak)
rCorr   .          Rampage  .   (no gloves)
Will    .....                   (boots unavailable)
Stlth   +.........              (no amulet)
HPRegen 0.11/turn               (no ring)
MPRegen 0.00/turn               (no ring)

@: confused, flying
A: sickness immunity, fire resistance 2, cold vulnerability 1, float, innate
caster, HP casting, extra vitality 1
a: no special abilities


You were on level 3 of the Dungeon.
You visited 1 branch of the dungeon, and saw 3 of its levels.

You collected 111 gold pieces.

Inventory:

Hand Weapons
 n - a +2 dagger of venom (weapon)
Armour
 a - a +0 robe (worn)
Scrolls
 c - a scroll of fear {unknown}
 d - a scroll of immolation {unknown}
 e - a scroll of poison {unknown}
 h - 2 scrolls of identify {unknown}
 i - a scroll of magic mapping {unknown}
 j - a scroll of butterflies {unknown}
 k - a scroll of teleportation {unknown}
 l - a scroll of amnesia {unknown}
Potions
 b - a potion of mutation {unknown}
 f - a potion of haste {unknown}
 g - a potion of berserk rage {unknown}
 m - a potion of cancellation {unknown}
 o - 2 potions of brilliance {unknown}


   Skills:
 + Level 1.8 Fighting
 - Level 2.1 Dodging
 - Level 1.5 Stealth
 * Level 3.4 Spellcasting


You couldn't memorise any spells.
You knew the following spells:

 Your Spells              Type           Power      Damage    Failure   Level
a - Foxfire               Conj/Fire      64%        2x1d7     3%          1
b - Scorch                Fire           32%        2d7       5%          2
c - Conjure Flame         Conj/Fire      16%        6-21      11%         3
d - Inner Flame           Hex/Fire       16%        N/A       11%         3
e - Flame Wave            Conj/Fire      16%        2d7       34%         4
f - Magic Dart            Conj           64%        1d6       3%          1
Your spell library was empty.

Dungeon Overview and Level Annotations

Branches:
Dungeon (3/15)

Altars:


Innate Abilities, Weirdness & Mutations

You are immune to sickness and miasma.
You are immune to poison.
Your flesh is very heat resistant. (rF++)
You are vulnerable to cold. (rC-)
You float through the air rather than walking.
You learn spells naturally, not from books.
Your magical power is your life essence.
You have superior vitality. (+4 MHP)


Message History

Confirm with . or Enter, or press ? or * to list all spells.
You conjure some foxfire!
Your foxfire dissipates!
The foxfire hits something but does no damage. x2
A puff of flame appears from out of thin air!
The puff of flame hits you. You resist.
Casting: Foxfire (safe; 3% risk of failure)
Confirm with . or Enter, or press ? or * to list all spells.
You don't know that spell.
Casting: Foxfire (safe; 3% risk of failure)
Confirm with . or Enter, or press ? or * to list all spells.
You miscast Scorch.
You are very lightly contaminated with residual magic.
Nothing appears to happen.
The foxfire hits something but does no damage.
Your foxfire dissipates!
You hear some strange, mumbled words.
You are confused.
You're too confused to cast spells.
Unknown command. 2 orcs come into view.
The orc shouts! x2
The foxfire hits something.
A magic dart appears from out of thin air!
The magic dart hits you.
You hear some strange, mumbled words.
You are more confused.
Something hits you. Something hits you. The orc hits you with a +0 dagger.
You bump into the rock wall.
Something hits you. The orc closely misses you.
Your magical contamination has completely faded away.
You bump into the rock wall.
Something hits you but does no damage. The orc barely misses you.
You bump into the rock wall.
Something hits you. The orc barely misses you.
You bump into the rock wall.
Something hits you.
* * * LOW HITPOINT WARNING * * *
The orc hits you with a +0 dagger.
* * * LOW HITPOINT WARNING * * *
Something hits you.
You die...

...... ...... ......
#...... #####.......
#####...#.†.....
#####..†........>...
#....<###o{o........
..........)@..#.......
###.##..÷#######......
.. .).### #..... ..
### ##### .


You could see 2 orcs.

Vanquished Creatures
  2 adders
  A worm (D:2)
  2 dart slugs (D:1)
  2 orcs (D:3)
  2 bats
  4 endoplasms
  3 giant cockroaches
  2 goblins (D:1)
  3 hobgoblins
  3 quokkas
  4 ball pythons
  A frilled lizard (D:1)
  2 kobolds (D:1)
  A rat (D:1)
32 creatures vanquished.

Vanquished Creatures (collateral kills)
  A foxfire (D:1)
1 creature vanquished.

Vanquished Creatures (others)
  135 foxfires
  7 plants (D:3)
142 creatures vanquished.

Grand Total: 175 creatures vanquished

Notes
Turn   | Place    | Note
-------+----------+-------------------------------------------
     0 | D:1      | funnyparkerb the Djinni Fire Elementalist began the quest
                  | for the Orb.
     0 | D:1      | funnyparkerb set off with the following spells memorised:
                  | Foxfire, Scorch, Conjure Flame, Inner Flame, Flame Wave.
     0 | D:1      | Reached XP level 1. HP: 15/15 MP: 0/0
   358 | D:1      | Reached XP level 2. HP: 16/22 MP: 0/0
   581 | D:1      | Reached skill level 1 in Fighting
   986 | D:1      | Reached XP level 3. HP: 18/27 MP: 0/0
   986 | D:1      | Learned a level 1 spell: Magic Dart
  1111 | D:1      | Found a faded altar of an unknown god.
  1266 | D:2      | Reached skill level 3 in Spellcasting
  2145 | D:3      | Reached XP level 4. HP: 19/32 MP: 0/0
  2449 | D:3      | Slain by an orc wizard

Illustrated notes

Levels and vault maps discovered:
D:1:      roderic_dead_forest, layout_rooms,
          hellmonk_ecumenical_altar_heavens_door
D:2:      layout_basic, kennysheep_generic_room_4
D:3:      layout_rooms, serial_bayou_pond_b, grunt_ministairs_13

Skill      XL: |  1  2  3 |
---------------+----------+-----
Fighting       | 1 |  1.8
Spellcasting   | 3 |  3.4
Dodging        | |  2.1
Stealth        | |  1.5

Action                   |  1- 3 |  4- 6 || total
-------------------------+-------+-------++-------
Melee: Unarmed           |     1 |       ||     1
 Cast: Foxfire           |    67 |    18 ||    85
       Scorch            |    14 |     2 ||    16
Armor: Robe              |     1 |     1 ||     2
Dodge: Dodged            |       |     3 ||     3
